 Dungeon Crawl Stone Soup version 0.17.0-7-gfadd4cc (console) character file.

105 gw the Sneak (level 4, -3/37 HPs)
             Began as a Demigod Assassin on Nov 9, 2015.
             Slain by Sigmund
             ... wielding a +0 scythe
              (7 damage)
             ... on level 2 of the Dungeon.
             The game lasted 00:02:08 (1932 turns).

gw the Sneak (Demigod Assassin)                     Turns: 1932, Time: 00:02:08

Health: -3/37      AC:  8    Str: 14    XL:     4   Next: 29%
Magic:  6/6        EV:  9    Int: 15    God:
Gold:   82         SH:  0    Dex: 19    Spells: 0 memorised, 3 levels left

rFire  . . .     SeeInvis .     a - +2 dagger
rCold  . . .     Clarity  .     c - +0 scale mail
rNeg   . . .     SustAt   +     (no shield)
rPois  .         Gourm    .     h - +0 helmet
rElec  .         Spirit   .     d - +0 cloak
rCorr  .         Warding  .     (no gloves)
rMut   .         Stasis   .     (no boots)
MR     .....                    (no amulet)
Stlth  +.........               (no ring)
                                (no ring)

@: not resistant to hostile enchantments, very unstealthy
A: high mp 1, sustain attributes
a: no special abilities


You were on level 2 of the Dungeon.
You were not hungry.

You visited 1 branch of the dungeon, and saw 2 of its levels.

You collected 82 gold pieces.

Inventory:

Hand Weapons
 a - a +2 dagger (weapon)
 b - a +0 blowgun
Missiles
 e - 7 poisoned needles
 f - 2 curare-tipped needles
Armour
 c - a +0 scale mail (worn)
 d - a +0 cloak (worn)
 h - a +0 helmet (worn)
Comestibles
 g - 3 bread rations


   Skills:
 + Level 2.3 Fighting
 * Level 3.2 Short Blades
 + Level 2.4 Throwing
 + Level 1.4 Armour
 - Level 0.8 Dodging
 - Level 3.6 Stealth


You had 3 spell levels left.
You didn't know any spells.

Dungeon Overview and Level Annotations

Branches:
Dungeon (2/15)

Annotations:
D:2 Natasha, Sigmund


Innate Abilities, Weirdness & Mutations

You have an increased reservoir of magic (+10% MP).
Your attributes are resistant to harm.


Message History

MOVING TO (-7,-7)
The crimson imp completely misses you. Something hits you.
Unknown command.
Unknown command.
Unknown command.
MOVING TO (-7,-6)
The crimson imp hits you but does no damage.
Natasha closely misses you. Something hits you. The white imp hits you.
The white imp freezes you.
Unknown command.
Unknown command.
Unknown command.
MOVING TO (-6,-5)
The iron imp grins evilly.
Unknown command.
Unknown command.
Unknown command.
MOVING TO (-6,-4)
The crimson imp blinks!
Something hits you!
You die...

......# #.........# #.#.##.~~.
....... +.........# #.#.##.~~.
........ #.........# #.#.##.~~.
......... #.........# #.#.?#.~~.
.........##.........####.).8#.~~.
.........##..............#####~~#
### #...........##.######## ..#
#...........##......... ..#
#.....p.....#######...# ..#
#.....5..#### #...# ###
##....5{ยค.##########...# ..
+.......h........#.....# ....
#########........#....## ......
#...r....#....## ......
'....(...#....## ....##
##.5......#....## ....#
.........#....##


You could see an iron imp, Natasha, a crimson imp, a white imp and a rat.

Table legend:
 A = Turns spent in this place as a percentage of turns spent in the entire game.
 B = Non-inter-level travel turns spent in this place as a percentage of non-inter-level travel turns spent in the entire game.
 C = Inter-level travel turns spent in this place as a percentage of turns spent in this place.
 D = Turns resting spent in this place as a percentage of non-inter-level travel turns spent in this place.
 E = Turns spent auto-exploring this place as a percentage of non-inter-level travel turns spent in this place.
 F = Non-inter-level travel turns spent in this place divided by the number of levels of this place that you've seen.
                   A       B       C       D       E      F
               +-------+-------+-------+-------+-------+----------------------
         Total | 100.0 | 100.0 |   0.3 |   0.3 |   2.4 | 1729.5
       Dungeon | 100.0 | 100.0 |   0.3 |   0.3 |   2.4 | 1729.5
               +-------+-------+-------+-------+-------+----------------------

Table legend:
 A = Kills in this place as a percentage of kills in entire the game.
 B = Kills by you in this place as a percentage of kills by you in the entire game.
 C = Kills by friends in this place as a percentage of kills by friends in the entire game.
 D = Other kills in this place as a percentage of other kills in the entire game.
 E = Experience gained in this place as a percentage of experience gained in the entire game.
 F = Experience gained in this place divided by the number of levels of this place that you have seen.
                   A       B       C       D       E      F
               +-------+-------+-------+-------+-------+----------------------
         Total | 100.0 | 100.0 |  -nan |  -nan | 100.0 |  75.5
       Dungeon | 100.0 | 100.0 |  -nan |  -nan | 100.0 |  75.5
               +-------+-------+-------+-------+-------+----------------------

Vanquished Creatures
  Robin (D:2)
  3 adders (D:2)
  2 oozes
  2 worms (D:2)
  2 giant geckos (D:2)
  5 giant cockroaches
  9 hobgoblins
  8 bats (D:1)
  11 goblins
  3 kobolds
  5 rats
51 creatures vanquished.

Notes
Turn   | Place    | Note
--------------------------------------------------------------
     0 | D:1      | gw the Demigod Assassin began the quest for the Orb.
     0 | D:1      | Reached XP level 1. HP: 17/17 MP: 3/3
   424 | D:1      | Reached XP level 2. HP: 24/24 MP: 4/4
  1063 | D:2      | Noticed Robin
  1094 | D:2      | Reached XP level 3. HP: 22/29 MP: 5/5
  1103 | D:2      | Reached skill level 1 in Armour
  1128 | D:2      | Killed Robin
  1574 | D:2      | Reached XP level 4. HP: 37/37 MP: 6/6
  1909 | D:2      | Noticed Sigmund
  1911 | D:2      | Noticed Natasha
  1932 | D:2      | Slain by Sigmund

Action                   |  1- 3 |  4- 6 || total
-------------------------+-------+-------++-------
Melee: Dagger            |    82 |    18 ||   100
 Fire: Blowgun           |    72 |    28 ||   100
 Stab: Sleeping          |    18 |     2 ||    20
  Eat: Chunk             |     2 |     1 ||     3

Vault maps used:
D:1:      saegor_arrival_simple_a
D:2:      wad_river_or_something, gammafunk_temple_overflow_pools, first_bread,
          uniq_sigmund, uniq_natasha, uniq_robin
